[Event "Silves Open 2025"]
[Site "Fissul"]
[Date "2025.03.06"]
[Round "8.7"]
[White "Fernandes, Antonio"]
[Black "Hopman, Pieter"]
[Result "0-1"]
[Annotator "TA"]
[ECO "C41"]
[WhiteElo "2326"]
[BlackElo "2312"]
[PlyCount "106"]
[EventDate "2025.03.03"]
[EventType "swiss"]
[EventCountry "POR"]
[SourceTitle "playchess.com"]
[Source "ChessBase"]
[SourceQuality "1"]
[TimeControl "5400+30"]

1. e4 d6 2. d4 Nf6 3. Nc3 e5 4. Nf3 Nbd7 5. g3 Be7 6. Bg2 {[%emt 0:00:02] C41: Philidor Defence.} c6 7. a4 b6 8. O-O {[%emt 0:03:24] White is slightly better.} a6 (8... O-O $11) 9. Nh4 $14 g6 {[%emt 0:14:28] Wards off Nf5} 10. Bh6 Bb7 11. h3 (11. f4 $16) 11... Qc7 $146 (11... b5 12. a5 {1-0 Hovhannisyan,M (2536)-Nachbar,B (2231) NED-chT 1415 2014 (8.6)}) 12. Nf3 Bf8 13. Qd2 O-O-O 14. Be3 Bg7 15. Rfd1 $1 Rhe8 16. d5 cxd5 17. Nxd5 Nxd5 18. exd5 Kb8 19. Ng5 Re7 20. Ra3 {[%emt 0:02:06][%cal Oa3c3] Hoping for Rc3!.} (20. Nxh7 $6 f6 $16) 20... h6 $2 (20... e4 21. Nxe4 (21. Bxe4 h6 $17) 21... Bxb2) 21. Ne4 $18 Nc5 22. Nxc5 (22. Bxh6 Bxh6 (22... Nxe4 23. Bxe4 Bxh6 24. Qxh6 $14) 23. Qxh6 Nxe4 24. Bxe4 Qc4) 22... bxc5 23. Bxh6 $2 (23. b4 $18 {is more deadly.}) 23... Bxh6 $16 24. Qxh6 e4 (24... Ka7 $16 25. Rc3 Qb6) 25. Re3 $18 Rde8 26. c4 Qd7 27. Qf4 f5 28. Qg5 (28. a5 $18) 28... Qxa4 (28... Rg7 $16 {was worth a try.} 29. Ra3 Ka7) 29. b3 Qd7 30. Qxg6 Bc8 31. Rde1 Rg7 32. Qh6 Reg8 33. Qf4 Ka7 {[%emt 0:01:03] [#]} (33... Qe7 $16 34. R3e2 Qe5 35. Qxe5 dxe5) 34. Rb1 $1 Qd8 35. Re2 Rb7 36. Re3 $2 ({Better is} 36. Kh2 $16) 36... Qf8 $2 (36... Rbg7 $1 $11) 37. Kh2 $16 Rh7 {[%emt 0:00:55] [#] Threatens to win with ...Rg4.} 38. b4 $2 {[%emt 0:01:10] This costs White the game.} (38. f3 $1 $16 {is necessary to keep the advantage.}) 38... Rg4 $19 {[%emt 0:00:26] Black is clearly winning.} 39. Rxe4 Rxf4 40. Rxf4 cxb4 41. Rxb4 Rb7 42. Ra4 Rb2 {[%emt 0:01:07] Wards off Ra2} 43. Ra3 Kb6 44. c5+ (44. h4 $142 a5 45. Bh3) 44... dxc5 45. Raf3 Rb4 46. Bf1 a5 47. Bc4 Qd6 48. Re3 a4 49. h4 Bd7 50. h5 Qh6 51. Rh4 {[%emt 0:00:05] [#]} f4 $1 52. Rxf4 Qxh5+ 53. Rh4 {[%emt 0:02:03] [#]} Qxh4+ $3 {[%emt 0:00:31][%mdl 512] Weighted Error Value: White=0.53/Black=0.24 (precise)   Loses game:     	White=1     	---        Missed win:     	White=1     	---        Mistake:       	White=4     	Black=6      Inaccurate:     	White=2     	Black=4      OK:         	White=19    	Black=13     Best:        	White=1     	Black=2} 0-1

[Event "Silves Open 2025"]
[Site "Fissul"]
[Date "2025.03.06"]
[Round "8.8"]
[White "Nguyen, Anh Khoi"]
[Black "Degardin, Sylvain"]
[Result "0-1"]
[Annotator "TA"]
[ECO "E04"]
[WhiteElo "2520"]
[BlackElo "2309"]
[PlyCount "67"]
[EventDate "2025.03.03"]
[EventType "swiss"]
[EventCountry "POR"]
[SourceTitle "playchess.com"]
[Source "ChessBase"]
[SourceQuality "1"]
[TimeControl "5400+30"]

1. d4 d5 2. c4 e6 3. Nf3 Nf6 4. g3 dxc4 5. Bg2 c6 6. Ne5 Bb4+ 7. Bd2 {[%emt 0:13:59] E04: Open Catalan: 5 Nf3.} Be7 {[%emt 0:00:46] The main line 7...Be7 scores better than 7...Qxd4.} 8. e3 b5 9. Nxc6 {[%emt 0:05:26] White is slightly better.} Nxc6 10. Bxc6+ Bd7 11. Bxa8 Qxa8 12. f3 e5 13. O-O exd4 14. exd4 O-O 15. Re1 Re8 $146 (15... Nd5 16. Nc3 Bf6 17. Nxd5 Qxd5 18. Bb4 Rc8 19. Re5 Bxe5 20. dxe5 Qb7 21. Qd6 Be6 {½-½ Michalik,P (2549)-Harikrishna,P (2738) CZE-chT 1718 2017 (9.2)}) 16. Bg5 (16. a3 $16) 16... Bc6 $1 $11 17. Nd2 {[%emt 0:03:44][%cal Oa2a4] a4! would now be deadly.} Qd8 18. Bxf6 (18. a4 {feels hotter.} Qxd4+ 19. Be3 Qxb2 20. Rb1) 18... Bxf6 19. Rxe8+ Bxe8 {[%emt 0:03:34] A strong pair of Bishops.} 20. Ne4 (20. Kg2 $11) 20... Qxd4+ $17 (20... Bxd4+ 21. Kg2 $14) 21. Kh1 ({Better is} 21. Qxd4 $15 Bxd4+ 22. Kf1 Bxb2 23. Re1) 21... Qxb2 {[%emt 0:03:29] Black is more active.} 22. Rb1 (22. Rc1 $17 {was called for.}) 22... Qxa2 $19 23. Nxf6+ gxf6 {[%emt 0:00:04][%mdl 4096] Endgame KQR-KQB} 24. Ra1 Qf2 25. Qd5 {[%emt 0:02:08] Inhibits Bc6.} (25. Qd8 $142 Qxf3+ 26. Kg1) 25... c3 26. Qf5 c2 {[%emt 0:05:12] [#]} 27. Rc1 b4 28. Qg4+ Kh8 29. Qf5 b3 $2 (29... a5 $19 {and ...b3 should not be overlooked} 30. Qxf6+ Kg8 31. Qg5+ Kf8 32. Qh6+ Ke7 33. Qh4+ Kd6 34. Qf6+ (34. Qf4+ $2 Kc5 $19) 34... Kc5 (34... Kc7 35. Qe5+ Kb7 36. Qxe8 $17) 35. Qf5+ Kb6 (35... Kd4 36. Qxc2 Qxc2 37. Rxc2 $19) 36. Qxc2 Qxc2 (36... Qxf3+ 37. Kg1 $17) 37. Rxc2 b3) 30. Qxf6+ $11 Kg8 {[%emt 0:00:02] Really sharp!} 31. Qc3 {[%emt 0:00:46][%mdl 8192] Repels Qd2} (31. Qg5+ $11 Kf8 32. Qh6+ Ke7 33. Qh4+ Kd7 34. Qa4+ Kd8 35. Qh4+ (35. Qxb3 $2 {loses.} Bc6 $19) 35... Kc7 36. Qc4+ Bc6 37. Qxf7+ Kd6 38. Qf6+ Kd5 39. Qf7+ (39. Qc3 $2 Qxf3+ 40. Qxf3+ Kd6 $19) 39... Ke5 (39... Kd6 40. Qf6+ Kd7 41. Qf7+ Kd6 $11) 40. Qe7+ Kd5 41. Qf7+) 31... Qb6 (31... h5 $142 32. Qe5 Qxf3+ 33. Kg1 Bc6 (33... Qd1+ $2 34. Kf2 $19) 34. Qg5+ Kh7 35. Qd2 Be4 36. Rf1 Qxf1+ (36... b2 {is a self mate.} 37. Qxc2 Qh1+ 38. Kf2 Qxh2+ 39. Ke3 Qxc2 40. Rxf7+ Kg8 41. Rd7 Qc5+ 42. Kf4 Qf5+ 43. Ke3 Qxd7 44. Kxe4 b1=Q+ 45. Ke3 Qg1+ 46. Ke4 Qf2 47. Ke5 Qff5#) 37. Kxf1 b2 38. Kf2 c1=Q (38... b1=Q $2 39. Ke3 $19) 39. Qd7 Qc5+ (39... b1=R 40. Qxf7+ Kh6 41. Qf6+ Bg6 42. Qh8+ Kg5 43. Qe5+ Kg4 44. Qe6+ Bf5 45. Qe2+ Kg5 46. Qe7+ Kg6 47. Qe8+ Kf6 48. Qd8+ Ke5 49. Qh8+ Kd6 50. Qf8+ Kc7 51. Qf7+ Bd7 52. Qf4+ Qxf4+ 53. gxf4 $19) 40. Ke2 Qc4+ (40... b1=R $2 41. Qxf7+ Kh6 42. Qe6+ Bg6 43. Qe3+ Qxe3+ 44. Kxe3 $19) (40... Qc2+ 41. Ke3 Qc3+ 42. Ke2 Qf3+ 43. Kd2 b1=Q 44. Qxf7+ Qxf7 45. h3 Qd3+ 46. Ke1 Qff1#) 41. Ke3 b1=Q (41... b1=R 42. Qxf7+ Qxf7 43. Kxe4 Qd7 44. Kf3 Re1 45. Kf2 Qd2+ 46. Kf3 Qe2+ 47. Kf4 Qg4#) 42. h4 Qc3+ 43. Kf4 Qf1+ 44. Kg5 Qxg3+ 45. Kxh5 Qg6#) 32. Re1 {[%emt 0:00:29] Black is clearly winning.} Qc6 33. Qe3 {[%emt 0:00:41] [#]} h6 $1 {[%emt 0:00:23][%cal Ob3b2] ( -> ...b2!)} 34. Qd3 {[%emt 0:01:03] Weighted Error Value: White=0.74/Black=1.07  Loses game:     	White=1     	---        Missed win:     	---       	Black=1      Mistake:       	White=5     	Black=1      Inaccurate:     	White=1     	Black=4      OK:         	White=7     	Black=5      Best:        	White=1     	Black=6      Strong:       	---       	Black=1} (34. Qxb3 c1=Q) 0-1

[Event "Silves Open 2025"]
[Site "Fissul"]
[Date "2025.03.06"]
[Round "8.9"]
[White "Vasques, Antonio Pedro Freixi"]
[Black "Dias, Ivo Rodrigues"]
[Result "0-1"]
[Annotator "TA"]
[ECO "C50"]
[WhiteElo "2246"]
[BlackElo "2097"]
[PlyCount "110"]
[EventDate "2025.03.03"]
[EventType "swiss"]
[EventCountry "POR"]
[SourceTitle "playchess.com"]
[Source "ChessBase"]
[SourceQuality "1"]
[TimeControl "5400+30"]

1. e4 e5 2. Nf3 Nc6 3. Bc4 Bc5 4. O-O Nf6 5. d3 O-O 6. Nc3 h6 7. a3 d6 8. h3 {[%emt 0:06:16] 8.Na4 gains popularity.} Be6 9. Nd5 a6 {[%emt 0:25:27] C50: Hungarian Defence and Giuoco Pianissimo.} 10. Ba2 Ba7 $146 (10... Bxd5 11. exd5 Ne7 12. c4 Nf5 13. b4 Ba7 14. Kh1 Re8 {0-1 Trukhin,D (1797)-Khangueva,A (1884) Irkutsk Baykal op 2016 (5)}) 11. Be3 Bxd5 {[%emt 0:06:08] The position is equal.} 12. exd5 Ne7 13. Bxa7 Rxa7 14. d4 e4 (14... Nfxd5 $6 15. dxe5 dxe5 16. Nxe5 $16) 15. Nd2 Nf5 (15... Nexd5 16. Bxd5 Nxd5 17. Nxe4 $14) (15... c6 $11) 16. Re1 $14 Re8 17. Nf1 ({White should play} 17. Nxe4 $1 $14 Nxe4 (17... Rxe4 18. Rxe4 Nxe4 19. Qf3 $16) 18. Qg4) 17... Qd7 18. c4 c6 19. dxc6 bxc6 20. Qd2 a5 21. d5 c5 22. Bb1 Nd4 {[%emt 0:01:09] Black plays on the queen side and is better} 23. Bc2 {[%emt 0:00:24] Inhibits Nb3.} Rb7 24. Bd1 (24. Rab1 $15 {should be considered.}) 24... Reb8 $17 {[%emt 0:02:06] Black is much more active.} 25. Rb1 Qf5 26. Re3 Qg6 {[%emt 0:01:00][%cal Od4f3] Inhibits Ng3.} 27. Ng3 h5 {[%emt 0:02:00] Black has a king side majority} 28. h4 $1 {[%emt 0:00:05][%cal Ob2b3] [#]} a4 $1 29. Bxa4 Qg4 (29... Ng4 $5 30. Rxe4 Kh7 $16) 30. Bd1 Qxh4 31. b4 Qg5 32. b5 $1 (32. Bc2 $2 Ng4 $19) 32... h4 $36 {[%emt 0:01:09][%mdl 2048] Black fights for an advantage.} 33. Nf1 Re7 (33... Qg6 $11 34. Qa2 Nh7) 34. a4 (34. Rh3 $14 Qf5 (34... Qxd2 35. Nxd2 g5 36. a4 $16) 35. Qa2) 34... Rbe8 $2 (34... Nf5 $11 {and Black stays safe.}) 35. a5 $18 Ng4 $2 (35... Qg6 $1 $14 36. Ra1 Ng4) 36. Bxg4 Qxg4 37. Nh2 ({White has to play} 37. Qd1 $1 $18 Qxd1 (37... Nf3+ 38. Kh1 $11) 38. Rxd1) 37... Qg6 $11 38. Qd1 {[%emt 0:02:29] [#] Wards off Nf3+} (38. Rb2 $1 $11 {keeps the balance.} Qg5 39. b6 Nf3+ 40. Rxf3 (40. Nxf3 exf3 41. Rxf3 Re1+ 42. Kh2 Qxd2 $18) 40... Qxd2 41. Rxd2 exf3 42. Nxf3) 38... f5 $1 $17 39. b6 {[%emt 0:00:30] aiming for Rh3.} f4 40. Qg4 {[%emt 0:00:39][%csl Od4] Strong Square Black (d4)} (40. Rh3 f3 41. g4 e3 (41... hxg3 $2 42. Rxg3 Qf5 43. Kh1 $19) 42. fxe3 Rxe3 $19) 40... Qxg4 41. Nxg4 fxe3 42. fxe3 {[%emt 0:00:47][%mdl 8192] [#]} (42. Nxe3 $17 {was the crucial defense.} Ra8 43. b7 Rxb7 (43... Rxa5 $2 44. b8=Q+ Kh7 45. Qxd6 $18) 44. Rxb7) 42... Nc2 $1 $19 (42... Ne2+ 43. Kh2 Nc3 44. Rb3 $17) 43. Rb5 Nb4 44. Nf2 Rb7 45. Nd1 Kf7 46. Nc3 Kf6 {[%emt 0:00:10] White must now prevent ...Ke5.} 47. Na4 Rc8 48. Kf2 Ke5 49. Ke2 g5 50. Rxb4 cxb4 51. a6 Rbb8 52. b7 {[%emt 0:00:46] [#]} Rxb7 $3 53. axb7 Rb8 (53... Rxc4 $2 54. Kd1 (54. b8=R $2 {too greedy.} b3 $19) (54. b8=Q Rc2+ 55. Ke1 Rxg2 $18) 54... Kf6 55. b8=Q $18 (55. b8=R b3 $17)) 54. c5 dxc5 55. Nxc5 Kxd5 {[%emt 0:00:24] Black used his chance.   Weighted Error Value: White=0.52/Black=0.21 (precise)   Loses game:     	White=1     	Black=2      Missed win:     	White=1     	---        Mistake:       	White=4     	Black=2      Inaccurate:     	White=2     	---        OK:         	White=6     	Black=13     Best:        	White=7     	Black=3      Strong:       	White=2     	Black=2} 0-1

[Event "Silves Open 2025"]
[Site "Fissul"]
[Date "2025.03.06"]
[Round "8.11"]
[White "Monteiro, Paulo Alexandre G"]
[Black "Santos, Antonio P"]
[Result "0-1"]
[Annotator "TA"]
[ECO "D87"]
[WhiteElo "2221"]
[BlackElo "2209"]
[PlyCount "106"]
[EventDate "2025.03.03"]
[EventType "swiss"]
[EventCountry "POR"]
[SourceTitle "playchess.com"]
[Source "ChessBase"]
[SourceQuality "1"]
[TimeControl "5400+30"]

1. d4 Nf6 2. c4 g6 3. Nc3 d5 4. cxd5 Nxd5 5. e4 Nxc3 6. bxc3 Bg7 7. Bc4 c5 8. Ne2 Nc6 9. Be3 O-O 10. O-O Qc7 11. Rc1 Rd8 {[%emt 0:00:10] 11...b6 is more advanced technology.} 12. f3 a6 {[%emt 0:07:38] D87: Exchange Grünfeld: Classical Line: Variations without ...cxd4.} 13. Qd2 b5 {[%emt 0:00:39] A sharp opening} 14. Bd5 e6 {[%emt 0:02:22] The position is equal. Wards off c4} 15. Bxc6 Qxc6 16. Bh6 Bb7 $146 ({Predecessor:} 16... Bh8 17. Qe3 Bb7 18. e5 Rac8 19. Bg5 Rd7 20. Ng3 Qd5 21. Rcd1 cxd4 22. cxd4 Qxa2 {1-0 Cvitan,O (2467)-Shevchenko,K (2592) Abu Dhabi Super Blitz op 1st 2020 (4)}) 17. h4 Bh8 18. Qf4 e5 19. dxe5 Qe6 20. Bg5 Bxe5 21. Qe3 f6 22. Bf4 Qe7 23. Rcd1 a5 (23... Rxd1 24. Rxd1 a5 25. h5 $14) 24. Rd3 b4 25. Bxe5 fxe5 (25... Qxe5 26. cxb4 Rxd3 (26... cxb4 27. Rfd1 $11) (26... axb4 27. Rfd1 $14) 27. Qxd3 axb4 (27... cxb4 28. Rd1 $11) 28. Rd1 $15) 26. h5 Ba6 $1 (26... gxh5 $6 27. Ng3 $16) 27. Rxd8+ Rxd8 28. hxg6 hxg6 29. Rc1 Qd6 {[%emt 0:02:13] Black is more active.} ({Black should try} 29... Kg7 $17 {and ...Rd3 would now be decisive} 30. c4 Bc8) 30. cxb4 $11 Qd2 (30... cxb4 {simplifies} 31. Kh2 a4 32. Ng1 Rc8) 31. Qxd2 (31. Qxc5 $2 Bxe2 (31... Qxe2 32. Qb6 $11) 32. bxa5 Qg5 $19 (32... Qxa2 $2 33. Qb6 $18)) 31... Rxd2 32. Rxc5 {[%emt 0:00:31][%cal Ob4b5] [#] and b5! should not be overlooked} Bxe2 33. Rxa5 {[%emt 0:00:09][%mdl 4096] Endgame KRB-KR} Rb2 34. a3 Rb3 35. Kf2 Bc4 36. Ra7 Rb2+ 37. Kg1 Bf7 38. Ra5 Rb3 39. b5 Kg7 40. a4 Kf6 41. Ra6+ Kg5 42. Kf2 Rb2+ 43. Ke3 $2 {[%emt 0:00:37][%mdl 8192] White does not recover from this.} (43. Kg3 $1 $11 {and White is okay.}) 43... Bc4 $1 $19 ({Weaker is} 43... Rxg2 44. Kd3 $17) 44. f4+ exf4+ 45. Kd4 Bf1 46. e5 Bxg2 47. Rf6 Rb4+ 48. Kc5 Rxa4 49. b6 Ra1 50. Rf7 Ra5+ 51. Kd4 Rd5+ 52. Kc4 Rxe5 {[%emt 0:00:09] ( -> ...Rf5)} 53. b7 {[%emt 0:00:28] [#]} Bxb7 $1 {[%emt 0:00:21] Weighted Error Value: White=0.90/Black=0.30  Loses game:     	White=1     	---        Mistake:       	---       	Black=1      Inaccurate:     	White=3     	Black=2      OK:         	White=16    	Black=12     Best:        	White=3     	Black=3      Strong:       	---       	Black=2} 0-1

[Event "Silves Open 2025"]
[Site "Fissul"]
[Date "2025.03.06"]
[Round "8.12"]
[White "Kuegel, Tobias"]
[Black "Albuquerque, Eduardo Ferreira"]
[Result "1/2-1/2"]
[Annotator "TA"]
[ECO "E09"]
[WhiteElo "2423"]
[BlackElo "1897"]
[PlyCount "155"]
[EventDate "2025.03.03"]
[EventType "swiss"]
[EventCountry "POR"]
[SourceTitle "playchess.com"]
[Source "ChessBase"]
[SourceQuality "1"]
[TimeControl "5400+30"]

1. Nf3 Nf6 2. c4 e6 3. g3 d5 4. Bg2 Be7 5. O-O O-O 6. b3 Nbd7 7. Bb2 c6 8. d4 b6 9. Nbd2 Bb7 10. Qb1 Rc8 11. e4 dxe4 12. Nxe4 Nxe4 13. Qxe4 Nf6 {[%emt 0:00:29] E09: Closed Catalan: Main Line: 7 Qc2 c6 8 Nbd2.} 14. Qe2 c5 15. Rad1 Qc7 (15... cxd4 $11 16. Nxd4 (16. Bxd4 Qc7 $11) 16... Bxg2 17. Kxg2 Qc7) 16. Rfe1 (16. d5 $1 $16 ) 16... Rfe8 (16... cxd4 $11 17. Nxd4 Bxg2 18. Kxg2 Rfd8) 17. dxc5 {[%emt 0:02:28] White has strong rooks and is better} (17. d5 $1 $16 exd5 18. Bxf6 gxf6 19. cxd5) 17... bxc5 $146 (17... Bxc5 $11 {should be considered.} 18. Bxf6 gxf6) (17... Qxc5 18. Ne5 Bxg2 19. Kxg2 Rcd8 20. b4 Qc7 21. a3 Rxd1 22. Rxd1 Rd8 23. Rxd8+ Qxd8 {1-0 Morais,V (1995)-Costa,J (1622) POR-ch prel Matosinhos 2012 (5.16)}) 18. Ne5 $14 Bxg2 19. Kxg2 Qb7+ 20. Qf3 Qxf3+ 21. Kxf3 {[%emt 0:00:02][%csl Oe5] Strong Square White (e5)} Rc7 22. Bc3 Rec8 23. Ba5 Rb7 24. Rd3 Kf8 25. Red1 {[%emt 0:00:34] White is much more active.} Ke8 26. g4 g5 27. Ke2 h5 28. h3 h4 (28... hxg4 $16 29. hxg4 Nh7) 29. Rf3 $1 $18 a6 30. Rdd3 Ra7 (30... Kf8 $142 31. Kf1 (31. Bd2 Kg8 $16) 31... Kg7) 31. Bd2 Ne4 32. Rxf7 Nxd2 33. Kxd2 Rcc7 34. Ke3 Bf8 35. Rf6 (35. Rxc7 $18 Rxc7 36. Ke4) 35... Bg7 $15 36. Rg6 Bxe5 $17 37. Rxg5 Bd4+ 38. Ke4 Bxf2 39. Rg8+ Kf7 40. Rh8 Bg3 41. Rdd8 Kg6 {[%emt 0:02:07] Inhibits Rh6+.} 42. Rde8 e5 (42... Rc6 $19 {and Black stays clearly on top. Hoping for ...Rd6.} 43. Rh5 Rh7 44. Rg8+ Kf7 45. Rxh7+ Kxg8) 43. Rhg8+ (43. Re6+ $17 Kg7 44. Reh6) 43... Rg7 $19 44. Re6+ Kf7 45. Rxg7+ Kxg7 {[%emt 0:00:08][%mdl 4096] Endgame KRB-KR} 46. Rc6 Rd7 47. Rxc5 Rd1 48. Rc7+ $2 (48. Rc6 $17) 48... Kf8 (48... Kg6 $142 49. Rc8 Rd4+ 50. Kf3 Rf4+ 51. Ke3 Bf2+ 52. Kd2 Bd4) 49. g5 Re1+ ({Black should try} 49... Rd4+ $19 50. Kf3 Rf4+ 51. Ke2 Rf2+ 52. Ke3 Rxa2) 50. Kf5 $17 e4 (50... Rf1+ $1 $17 51. Ke4 Re1+ 52. Kf5 e4) 51. Ra7 $2 (51. Rc8+ $15 Kg7 52. Re8) 51... e3 $19 52. Ra8+ Kg7 $2 (52... Ke7 $1 $19 {( -> ...e2)} 53. Ra7+ Kd8 54. Ra8+ Kd7 55. Ra7+ Bc7) 53. Ra7+ $11 Kf8 $2 (53... Kg8 $11 54. Re7 Bd6 (54... e2 $2 55. Kg6 $19)) 54. Ra8+ $19 {[%emt 0:00:00] [#]} Ke7 $1 55. Ra7+ Kd8 56. Ra8+ Kd7 57. Ke4 Bf2 58. Kf3 Rg1 59. Rg8 $2 (59. Rxa6 {was worth a try.} Rxg5 60. Ra7+ Kc8 61. Ke2) 59... Ke7 60. g6 Rg3+ 61. Ke2 Kf6 62. c5 {[%emt 0:00:01] Strongly threatening c6.} Rxg6 63. Rxg6+ Kxg6 64. c6 {[%emt 0:00:19] [#] White wants to mate with c7.} Bg3 $1 65. b4 $2 (65. Kxe3 Kf7 66. b4) 65... Kf6 $2 (65... Bf4 66. a4 Kf7) 66. a4 $2 (66. Kxe3 Ke6 67. a4) 66... Ke6 67. b5 axb5 $2 (67... a5 $19 68. Kxe3 Kd5) 68. axb5 {[%emt 0:00:01] KB-K3P. The position is equal.} Kd6 (68... Bf4 {is more complex.} 69. c7 Kd7 70. b6 Kc8) 69. Kxe3 Kc5 70. Ke4 Kxb5 71. c7 Bxc7 $11 {[%emt 0:00:06] KB-KP} 72. Kf3 Kc4 73. Kg4 Bg3 74. Kf3 $1 Kd3 75. Kg2 $1 Ke2 76. Kh1 Kf3 77. Kg1 Bf2+ 78. Kh1 {[%emt 0:00:01] White used his chance.   Weighted Error Value: White=0.42/Black=0.33  Loses game:     	White=2     	---        Missed win:     	White=1     	Black=1      Mistake:       	White=7     	Black=11     Inaccurate:     	White=2     	Black=4      OK:         	White=16    	Black=20     Best:        	White=8     	Black=6      Strong:       	White=3     	Black=2} 1/2-1/2

[Event "Silves Open 2025"]
[Site "Fissul"]
[Date "2025.03.06"]
[Round "8.13"]
[White "Salas Munoz, Paulino Jose"]
[Black "Boesel, Alexander"]
[Result "0-1"]
[Annotator "TA"]
[ECO "B12"]
[WhiteElo "1915"]
[BlackElo "2046"]
[PlyCount "120"]
[EventDate "2025.03.03"]
[EventType "swiss"]
[EventCountry "POR"]
[SourceTitle "playchess.com"]
[Source "ChessBase"]
[SourceQuality "1"]
[TimeControl "5400+30"]

1. e4 c6 2. d4 d5 3. e5 c5 4. Nf3 cxd4 5. Qxd4 Nc6 6. Qf4 {[%emt 0:00:30] B12: Caro-Kann: Advance Variation.} e6 7. a3 Qc7 8. Nc3 {[%emt 0:00:30] The position is equal.} a6 {[%emt 0:00:30] Prevents Nb5} 9. Bd3 f6 10. exf6 Qxf4 11. Bxf4 {[%emt 0:00:30] Threatens to win with Na4.} gxf6 12. Bg3 Nge7 $146 (12... Kf7 13. Na4 Nge7 14. Nb6 Ra7 15. O-O-O Bh6+ 16. Kb1 e5 17. Nxd5 Nxd5 18. Bc4 Nce7 19. Bxd5+ Nxd5 20. Rxd5 {1-0 Seo,J (2455)-Arias,J (2339) Titled Tuesday intern op 30th Apr Early blitz 2024 (10)}) 13. O-O-O e5 14. Be2 Be6 15. Rhe1 Rd8 (15... O-O-O $1 $15 16. Bh4 Bg7) 16. Kb1 Bg7 17. Bf1 ({Better is} 17. Nh4 $11) 17... b5 18. h3 O-O 19. Bh2 Bf7 20. g4 Ng6 (20... b4 $15 21. axb4 Nxb4) 21. Bg3 Rfe8 22. Bg2 b4 $36 {[%emt 0:00:30][%mdl 2048] Black has good play.} 23. axb4 Nxb4 24. h4 {[%emt 0:00:30] [#]} (24. Nh4 $11) 24... h5 $1 $17 25. gxh5 {[%emt 0:00:30][%csl Of2,Oh4,Oh5] White has weak pawns} Nf8 (25... Ne7 $17 26. h6 Bxh6 27. Bxe5 Bg6 (27... fxe5 28. Nxe5 Bg7 29. Nxf7 $17) 28. Bxf6 Bxc2+ (28... Nxc2 $2 29. Rxe7 Ne3+ 30. Ka2 $18) 29. Ka1 Bxd1 30. Rxd1 Rd6) 26. Nh2 d4 $1 (26... Bxh5 27. Bxd5+ Nxd5 28. Rxd5 $11) 27. h6 Bxh6 28. Ne4 Bg7 {[%emt 0:00:30] Black is more active.} (28... Ba2+ 29. Ka1 Bg7 (29... Nxc2+ 30. Kxa2 Nxe1 31. Rxe1 $16) 30. Ng4 $19) 29. Bh3 Bg6 $1 30. f3 f5 {[%emt 0:00:30][%cal Od4d3] Wards off Ng4} 31. h5 fxe4 (31... Bxh5 32. Bxf5 Bg6 33. Bxg6 Nxg6 34. Rh1 $16) (31... Bh7 $1 $17 32. h6 fxe4 (32... Bxh6 $2 33. Nf6+ Kf7 34. Nxh7 $16) 33. hxg7 e3) 32. hxg6 $11 e3 33. Bh4 $2 {[%emt 0:00:30] [#]} (33. Bf5 $11 {and White has nothing to worry.}) 33... Rb8 $1 $19 (33... Rd6 34. Rxe3 Nxg6 35. Rb3 Nxc2 36. Bg3 $15) 34. Ng4 (34. Bf5 $142) 34... Rb6 (34... Nxg6 $19 {and Black stays clearly on top.} 35. Bg3 Nd5) 35. Kc1 $2 (35. Nxe3 $17 dxe3 36. Bf1) 35... Nxg6 36. Bg3 Rc6 $2 {[%emt 0:00:30] White is weak on the dark squares} (36... Na2+ 37. Kb1 Nc3+ 38. Kc1 Nxd1 39. Rxd1 Nf4 40. Bxf4 exf4) 37. Kb1 Rb8 38. Rg1 (38. Nxe3 $142 dxe3 39. c3) 38... Rb5 (38... Nxc2 39. Nxe5 Bxe5 40. Bxe5 $19) (38... Nd5 $19 39. Nxe5 Nc3+ 40. Kc1 Ne2+ 41. Kb1 Bxe5 42. Bxe5 Nxg1 43. Rxg1 Rb4) 39. Bf1 $17 {[%emt 0:00:30] [#]} Rbc5 40. Bd3 (40. Nxe5 {was called for.} Nxe5 41. Bxe5 Rxe5 42. Rxd4) 40... Nxd3 $19 (40... Nxc2 $2 {is the wrong capture.} 41. Rc1 $18) 41. Rxd3 Nf4 (41... Rxc2 42. Nxe5 Nxe5 43. Bxe5 $19) 42. Bxf4 exf4 43. Rg2 Kf8 44. Rb3 Rb5 45. Rxb5 axb5 {[%emt 0:00:30][%mdl 4096] Endgame KRB-KRN. Black is a pawn up.} 46. Ka2 Rd6 47. Kb3 d3 48. cxd3 Rxd3+ 49. Kc2 Rd4 50. b3 $2 (50. Re2) 50... Rd6 {[%emt 0:00:30] Strongly threatening ...b4.} 51. Re2 b4 52. Kb1 Ra6 53. Kc2 Rd6 (53... Ra2+ $142 54. Kd3 Ra7) 54. Kb1 $1 Kf7 55. Kc2 Bc3 56. Rh2 Bg7 $2 (56... Rd5 $19 57. Re2 Bf6 58. Nxe3 fxe3 59. Rxe3 Rc5+ 60. Kd1 Rc3) 57. Kb1 $2 (57. Re2 $11 Bc3 58. Nxe3 fxe3 59. Rxe3) 57... Ra6 (57... Rd3 $142 58. Kc2 Rc3+ 59. Kd1 Rxb3) 58. Re2 Kg6 59. Kc2 Kg5 60. Kd3 Rd6+ {[%emt 0:00:30] Weighted Error Value: White=0.81/Black=0.60  Loses game:     	White=2     	---        Mistake:       	White=7     	Black=8      Inaccurate:     	White=12    	Black=3      OK:         	White=6     	Black=15     Best:        	White=4     	Black=3      Strong:       	---       	Black=3} 0-1